 Dungeon Crawl Stone Soup version 0.30-a0-368-g86fb4627a9 (webtiles) character file.

Game seed: 4304321228152535728

1780 SmokeWeed the Poker (level 9, -4/65 HPs)
             Began as a Merfolk Gladiator on Nov 18, 2022.
             Was a Follower of Okawaru.
             Killed from afar by an electric eel (11 damage)
             ... with a bolt of electricity
             ... on level 7 of the Dungeon.
             The game lasted 00:26:15 (6845 turns).

SmokeWeed the Poker (Merfolk Gladiator)             Turns: 6845, Time: 00:26:25

Health: -4/65      AC: 10    Str: 19    XL:     9   Next: 8%
Magic:  13/13      EV: 17    Int: 11    God:    Okawaru [*.....]
Gold:   75         SH:  5    Dex: 15    Spells: 13/14 levels left

rFire   . . .      SeeInvis .    i - +7 quarterstaff of Cocytus {flame, rF- rN+ Will+ Str+4}
rCold   . . .      Faith    .    (shield currently unavailable)
rNeg    + . .      Spirit   .    n - +1 ring mail {rF+}
rPois   .          Reflect  +    N - +0 helmet
rElec   .          Harm     .    d - +2 cloak
rCorr   .          Rampage  .    (no gloves)
Will    +....                    (boots currently unavailable)
Stlth   +++.......               s - amulet of reflection
HPRegen 0.30/turn                (no ring)
MPRegen 0.13/turn                (no ring)

@: very quick
A: nimble swimmer 2, mertail
a: Renounce Religion, Heroism


You were on level 7 of the Dungeon.
You worshipped Okawaru.
Okawaru was aware of your devotion.
You visited 2 branches of the dungeon, and saw 8 of its levels.
You also visited: Sewer.

You collected 495 gold pieces.
You spent 420 gold pieces at shops.

Inventory:

Hand Weapons
 a - a +0 trident
 b - a +0 sling
 i - the +7 quarterstaff of Cocytus (weapon) {flame, rF- rN+ Will+ Str+4}
   (You found it on level 4 of the Dungeon)

   It burns those it strikes, dealing additional fire damage.
   Str:       It affects your strength (+4).
   rF:        It makes you vulnerable to fire.
   rN:        It protects you from negative energy.
   Will:      It increases your willpower.
 u - a +0 mace of protection
 A - a +0 hammer
 C - a +2 dagger of holy wrath
 D - a +2 dagger of speed
 K - a +4 hand axe
 L - a +2 war axe
 M - a +3 halberd
Missiles
 g - 17 poisoned darts
 r - 4 javelins (quivered)
 y - a throwing net
Armour
 c - a +0 helmet
 d - a +2 cloak (worn)
 e - a +1 robe of cold resistance
 l - a +2 leather armour of fire resistance
 n - a +1 ring mail of fire resistance (worn)
 p - a scarf of shadows
 t - a +0 chain mail
 N - a +0 helmet (worn)
Jewellery
 s - an amulet of reflection (around neck)
Scrolls
 j - 2 scrolls of vulnerability
 k - a scroll of immolation {unknown}
 m - 2 scrolls of identify
 E - 2 scrolls of teleportation
 G - a scroll of fog
 H - a scroll of brand weapon {unknown}
 I - a scroll of fear
 O - a scroll of acquirement {unknown}
Potions
 f - a potion of experience {unknown}
 h - 4 potions of might
 o - 2 potions of flight
 q - 2 potions of ambrosia {unknown}
 v - 2 potions of haste {unknown}
 w - a potion of curing {unknown}
 x - 2 potions of heal wounds {unknown}
 z - a potion of attraction {unknown}
 B - 2 potions of brilliance {unknown}
 F - 2 potions of cancellation
 J - a potion of invisibility {unknown}


   Skills:
 * Level 4.1 Fighting
 + Level 6.6(7.4) Polearms
 + Level 3.0(4.0) Staves
 + Level 2.5 Throwing
 * Level 2.7 Armour
 * Level 6.5 Dodging
 * Level 3.1 Stealth
 + Level 0.7 Shields
 * Level 3.0 Spellcasting
 * Level 5.1 Transmutations
 * Level 3.7 Poison Magic


You had 13 spell levels left.
You knew the following spells:

 Your Spells              Type           Power      Damage    Failure   Level
a - Sting                 Tmut/Pois      44%        1d5       7%          1

Your spell library contained the following spells:

 Spells                   Type           Power      Damage    Failure   Level
 Poisonous Vapours        Pois/Air       10%        N/A       30%         2
 Ignite Poison            Fire/Tmut/Pois 8%         N/A       36%         3
 Apportation              Tloc           2%         N/A       41%         1
 Kiss of Death            Conj/Necr      4%         2d5       41%         1
 Olgreb's Toxic Radiance  Pois           9%         N/A       67%         4
 Confusing Touch          Hex            1%         N/A       78%         3
 Alistair's Intoxication  Tmut/Pois      7%         N/A       89%         5
 Dispel Undead            Necr           1%         3d6       99%         4
 Sticky Flame             Conj/Fire      1%         2d3       99%         4
 Ignition                 Fire           0%         3d3       100%        8


Dungeon Overview and Level Annotations

Branches:
Dungeon (7/15)             Temple (1/1) D:6           Sewer (visited)

Altars:
Ashenzari
Cheibriados
Dithmenos
Elyvilon
Fedhas
Gozag
Hepliaklqana
Nemelex Xobeh
Okawaru
Ru
Trog
Uskayaw
Vehumet
Xom
Yredelemnul
Zin
The Shining One

Shops:
D:5 =

Annotations:
D:5 2 transporters, Darkkill's ghost, amateur MiHu
D:6 2 transporters, qeuew's ghost, novice MiHu


Innate Abilities, Weirdness & Mutations

You are very nimble when in or above water. (Stealth+, EV+, Speed+++)
Your lower body shifts to a powerful aquatic tail in water.


Message History

Your tail-slap misses the electric eel.
The electric eel is severely wounded.
The electric eel shoots out a bolt of lightning at you!
The bolt of electricity hits you!
The bolt of electricity hits the electric eel.
The electric eel completely resists.
The dart slug launches a dart at you. The slug dart misses you.
You closely miss the electric eel.
Your tail-slap misses the electric eel.
The electric eel is severely wounded.
The electric eel shoots out a bolt of lightning at you!
The bolt of electricity hits you!
The bolt of electricity hits the electric eel.
The electric eel completely resists.
The electric eel shoots out a bolt of lightning at you!
The bolt of electricity hits you!
You hit the electric eel. You burn the electric eel.
The electric eel is almost dead.
The electric eel shoots out a bolt of lightning at you!
The bolt of electricity hits you!
The bolt of electricity hits the electric eel.
The electric eel completely resists.
The electric eel shoots out a bolt of lightning at you!
The bolt of electricity hits you! The dart slug launches a dart at you.
The slug dart misses you.
You closely miss the electric eel.
The electric eel is almost dead.
The electric eel shoots out a bolt of lightning at you!
The bolt of electricity hits you!
* * * LOW HITPOINT WARNING * * *
The dart slug launches a dart at you. The slug dart misses you.
The electric eel shoots out a bolt of lightning at you!
The bolt of electricity hits you.
* * * LOW HITPOINT WARNING * * *
The bolt of electricity hits the dart slug.
The electric eel shoots out a bolt of lightning at you!
The bolt of electricity hits you!
You die...

#....... .#
#......####.#
...~~.~~....
##.~~~~≈w~..#
≈w≈~~~≈≈≈~~#.
#~≈≈w~~≈≈≈≈.
#≈≈S~~≈≈≈≈~w
#≈@≈~≈≈≈≈≈~ ≈
#≈≈~~~~≈~~≈
≈~~.#~..!#~..~#
~~.....<..⌠(?#
≈~.S.#$?.~~~/~≈
≈≈~~~~≈~~~~~.~#≈
#~##≈≈≈~~≈~≈≈~~~
# ~≈≈≈≈~~≈≈≈≈≈#.
#~≈≈≈≈≈~~~≈≈≈~.


You could see 2 electric eels and 3 dart slugs.

Vanquished Creatures
  2 ice beasts
  A sky beast (D:6)
  4 phantoms
  A kobold brigand (Sewer)
  A necrophage (D:6)
  2 scorpions
  5 wights (D:6)
  3 hounds
  Crazy Yiuf (D:3)
  3 orc priests
  Terence (D:3)
  Jessica (D:2)
  An iguana (D:5)
  5 orc wizards
  13 adders
  A white imp (D:6)
  An ufetubus (D:5)
  2 worms
  3 dart slugs
  15 orcs
  10 endoplasms
  4 giant cockroaches
  8 goblins
  10 hobgoblins
  20 jackals
  5 quokkas
  8 ball pythons
  5 bats
  5 frilled lizards
  7 kobolds
  11 rats
159 creatures vanquished.

Vanquished Creatures (others)
  10 plants (Sewer)
10 creatures vanquished.

Grand Total: 169 creatures vanquished

Notes
Turn   | Place    | Note
-------+----------+-------------------------------------------
     0 | D:1      | SmokeWeed the Merfolk Gladiator began the quest for the
                  | Orb.
     0 | D:1      | Reached XP level 1. HP: 16/16 MP: 1/1
   102 | D:1      | Reached XP level 2. HP: 15/23 MP: 2/2
   578 | D:1      | Reached XP level 3. HP: 23/28 MP: 3/3
  1029 | D:2      | Noticed Jessica
  1034 | D:2      | Reached skill level 5 in Polearms
  1043 | D:2      | Killed Jessica
  1044 | D:2      | Reached XP level 4. HP: 6/34 MP: 4/4
  1537 | D:2      | Learned a level 1 spell: Sting
  2033 | D:3      | Reached skill level 1 in Poison Magic
  2033 | D:3      | Reached XP level 5. HP: 35/40 MP: 5/5
  2159 | D:3      | Noticed Terence
  2170 | D:3      | Killed Terence
  2349 | D:3      | Reached skill level 1 in Armour
  2364 | D:3      | Found a runed translucent door.
  2365 | D:3      | Noticed Crazy Yiuf
  2379 | D:3      | Killed Crazy Yiuf
  2380 | D:3      | Reached skill level 1 in Transmutations
  2380 | D:3      | Reached XP level 6. HP: 26/46 MP: 5/7
  3662 | D:4      | Identified the +7 quarterstaff of Cocytus {flame, rF- rN+
                  | Will+ Str+4}
  3776 | D:4      | Found a hazy altar of Hepliaklqana.
  4115 | D:4      | Reached skill level 1 in Stealth
  4115 | D:4      | Reached skill level 1 in Spellcasting
  4174 | D:4      | Reached skill level 5 in Dodging
  4450 | D:5      | Entered Level 5 of the Dungeon
  4459 | D:5      | Reached XP level 7. HP: 51/52 MP: 8/8
  4557 | D:5      | Reached skill level 1 in Staves
  4656 | D:5      | Noticed a small abomination
  4724 | D:5      | Found a transporter.
  4756 | D:5      | Found a transporter.
  4800 | D:5      | Found Noogiollu's Jewellery Boutique.
  4809 | D:5      | Bought an amulet of reflection for 420 gold pieces
  4895 | D:5      | Noticed Darkkill's ghost (amateur MiHu)
  5114 | D:6      | Reached XP level 8. HP: 54/58 MP: 10/10
  5208 | D:6      | Found a transporter.
  5211 | D:6      | Found a transporter.
  5212 | D:6      | Noticed qeuew's ghost (novice MiHu)
  5254 | D:6      | Found a staircase to the Ecumenical Temple.
  5321 | Temple   | Entered the Ecumenical Temple
  5344 | Temple   | Became a worshipper of Warmaster Okawaru
  5551 | D:6      | Found a glowing drain.
  5561 | Sewer    | Entered a sewer
  6306 | D:6      | Reached * piety under Okawaru
  6328 | D:6      | Identified the +12 dagger of Lukesekhlotz {vorpal, Int+4}
  6459 | D:6      | Reached skill level 5 in Transmutations
  6459 | D:6      | Reached XP level 9. HP: 65/65 MP: 13/13
  6845 | D:7      | Killed from afar by an electric eel

Illustrated notes

Levels and vault maps discovered:
D:1:      matt_arrival_diagonals, layout_basic
D:2:      layout_loops_ring, chequers_serial_rivers_small_3,
          chequers_serial_rivers_micro_d, uniq_jessica
D:3:      layout_loops_corners, uniq_crazy_yiuf_cottage, uniq_terence
D:4:      layout_gridville, amcnicky_altar_gilded
D:5:      layout_basic, serial_shops, nicolae_shop_statue_plus,
          gammafunk_ghost_abyssal_escape
D:6:      layout_gridville, minmay_temple_entry_gardened_gates,
          portal_sewer_entry_d, gammafunk_ghost_smash, grunt_decor_mini_mirrors
D:7:      kennysheep_slugbush, layout_loops_corners, mrwooster_statue_mirror,
          grunt_ministairs_9, nicolae_grassy_gnolls, uniq_pikel
Temple:   eino_temple_scatter_basement

Skill      XL: |  1  2  3  4  5  6  7  8  9 |
---------------+----------------------------+-----
Polearms       | 5 6 |  6.6
Poison Magic   | 1 2 3 |  3.7
Armour         | 1 2 |  2.7
Transmutations | 1 3 5 |  5.1
Fighting       | 3 4 |  4.1
Stealth        | 1 2 3 |  3.1
Spellcasting   | 1 2 3 |  3.0
Dodging        | 5 6 |  6.5
Staves         | 1 2 3 |  3.0
Throwing       | |  2.5
Shields        | |  0.7

Action                   |  1- 3 |  4- 6 |  7- 9 || total
-------------------------+-------+-------+-------++-------
Melee: Trident           |   132 |   246 |       ||   378
       Punch             |     1 |     2 |       ||     3
       Tailslap          |       |     2 |     2 ||     4
       Quarterstaff      |       |    29 |   149 ||   178
Throw: Throwing net      |     3 |     3 |       ||     6
       Dart              |     1 |     2 |       ||     3
       Javelin           |     1 |       |     7 ||     8
  Use: Scroll            |       |    15 |       ||    15
 Stab: Sleeping          |     1 |     1 |     4 ||     6
Armor: Leather armour    |    16 |       |       ||    16
       Ring mail         |    19 |    81 |    57 ||   157
       Scale mail        |     8 |       |       ||     8
Dodge: Dodged            |   105 |   115 |    92 ||   312
Block: Other             |       |       |    32 ||    32

Table legend: (Time is in decaauts)
 A = Elapsed time spent in this place.
 B = Non-inter-level travel time spent in this place.
 C = Inter-level travel time spent in this place.
 D = Time resting spent in this place.
 E = Time spent auto-exploring this place.
 F = Levels seen in this place.
 G = Mean time per level.
                   A        B        C        D        E       F      G
               +--------+--------+--------+--------+--------+-----+--------+
         Total |   6748 |   6442 |    306 |    113 |   4941 |   9 |  749.8 |
       Dungeon |   6206 |   5919 |    287 |    113 |   4577 |   7 |  886.6 |
        Temple |    184 |    165 |     19 |      0 |    143 |   1 |  184.0 |
         Sewer |    357 |    357 |      0 |      0 |    221 |   1 |  357.0 |
               +--------+--------+--------+--------+--------+-----+--------+

Top non-repeatable levels by time:
     D:3: 1447 daAuts
     D:4: 1089 daAuts
     D:6: 1088 daAuts
     D:2: 1016 daAuts
     D:1: 899 daAuts
     D:5: 658 daAuts
   Sewer: 357 daAuts
  Temple: 184 daAuts
     D:7: 6 daAuts
